 Seeded DCSS version 0.30-a0-40-gc6d0f036a7 (webtiles) character file.

Game seed: 18168638616186862194 (custom seed)

12 ravioli the Scratcher (level 2, 0/12 HPs)
             Began as a Felid Transmuter on Aug 29, 2022.
             Slain by a jackal (1 damage)
             ... on level 1 of the Dungeon.
             The game lasted 00:03:21 (1029 turns).

ravioli the Scratcher (Felid Transmuter)            Turns: 1029, Time: 00:03:22

Health: 0/12       AC:  1    Str:  6    XL:     2   Next: 20%
Magic:  5/6        EV: 17    Int: 14    God:
Gold:   20         SH:  0    Dex: 16    Spells: 2/5 levels left
                                        Lives:  0   Deaths: 0

rFire   . . .      SeeInvis +      - Unarmed
rCold   . . .      Faith    .    (shield unavailable)
rNeg    . . .      Spirit   .    (body armour unavailable)
rPois   .          Reflect  .    (helmet unavailable)
rElec   .          Harm     .    (cloak unavailable)
rCorr   .          Rampage  .    (gloves unavailable)
Will    .....                    (boots unavailable)
Stlth   +.........               (no amulet)
HPRegen 0.04/turn                (no ring)
MPRegen 0.10/turn                (no ring)

@: quick
A: very small, claws 1, fangs 3, see invisible, speed 1, shaggy fur 1, stealthy
paws, no weapons or thrown items, no armour, multi-lived
a: no special abilities


You were on level 1 of the Dungeon.
You visited 1 branch of the dungeon, and saw 1 of its levels.

You collected 20 gold pieces.

Inventory:

Potions
 a - a potion of lignification
 b - a potion of degeneration {unknown}


   Skills:
 + Level 1.1 Fighting
 + Level 2.8 Dodging
 + Level 3.4 Unarmed Combat
 + Level 2.0 Spellcasting
 * Level 2.5 Transmutations


You had 2 spell levels left.
You knew the following spells:

 Your Spells              Type           Power      Damage    Failure   Level
a - Beastly Appendage     Tmut           16%        N/A       9%          1
b - Wereblood             Tmut           8%         N/A       13%         2

Your spell library contained the following spells:

 Spells                   Type           Power      Damage    Failure   Level
 Blink                    Tloc           2%         N/A       34%         2
 Spider Form              Tmut/Pois      4%         N/A       38%         3
 Ice Form                 Ice/Tmut       4%         N/A       80%         4
 Manifold Assault         Tloc           1%         N/A       100%        5
 Storm Form               Tmut/Air       2%         N/A       100%        7


Dungeon Overview and Level Annotations

Branches:
Dungeon (1/15)

Altars:


Innate Abilities, Weirdness & Mutations

You have sharp claws.
You have razor-sharp teeth.
You have supernaturally acute eyesight. (SInv)
You cover ground quickly. (Speed+)
You are covered in fur. (AC +1)
Your paws help you pounce on unaware monsters.
You are incapable of wielding weapons or throwing items.
You cannot wear armour.
You gain extra lives every three experience levels.


Message History

The jackal barely misses you. The jackal completely misses you.
The jackal attacks as you move away! The jackal misses you.
The jackal barely misses you. The jackal attacks as you move away!
The jackal bites you. The jackal bites you.
You closely miss the bat. You bite the bat.
The bat is severely wounded.
The bat misses you. x2
You claw the bat!
You kill the bat!
You scratch the jackal.
The jackal is heavily wounded.
The jackal completely misses you.
You scratch the jackal but do no damage.
You scratch the jackal.
The jackal is lightly wounded.
The jackal bites you.
* * * LOW HITPOINT WARNING * * *
The jackal misses you.
You scratch the jackal.
You kill the jackal!
Cast which spell? (? or * to list)
You miscast Wereblood.
You are very lightly contaminated with residual magic.
Nothing appears to happen.
The jackal closely misses you. The jackal bites you.
* * * LOW HITPOINT WARNING * * *
You scratch the jackal.
The jackal is almost dead.
The jackal misses you.
You scratch the jackal.
You kill the jackal!
The jackal barely misses you.
The jackal bites you but does no damage.
The jackal attacks as you move away! The jackal closely misses you.
Your magical contamination has completely faded away.
The jackal barely misses you. x2
The jackal barely misses you. The jackal attacks as you move away!
The jackal bites you.
You die...

...########.############.## ###
#.#....####.# #..### #..
............#############...###.#
########......#.............[.#.#
#..........#.......##.##...#
#..≈≈≈≈...##..÷≈≈≈≈..#...r.)#
#.≈≈≈≈≈≈(.....§.≈≈§§§..###..#
#.≈≈≈≈≈≈......§§§>≈≈§### #...
#.≈≈≈≈≈≈....@§≈§≈§§§.# ##..
#..≈≈≈≈..####hg§§≈§..# #.#
##......## ##...§..## #r#
##.#.#.# #...#### #.#
######....#.## ##..## #h#
..........#..####...# #.#
######.#####(.......# #.#
#........####.## #.#
########......# #h#


You could see a jackal and a hobgoblin.

Vanquished Creatures
  An endoplasm (D:1)
  A hobgoblin (D:1)
  3 jackals (D:1)
  2 bats (D:1)
  3 goblins (D:1)
  A kobold (D:1)
  A rat (D:1)
12 creatures vanquished.

Notes
Turn   | Place    | Note
-------+----------+-------------------------------------------
     0 | D:1      | ravioli the Felid Transmuter began the quest for the Orb.
     0 | D:1      | Reached XP level 1. HP: 9/9 MP: 4/4
   867 | D:1      | Reached XP level 2. HP: 12/12 MP: 6/6
   870 | D:1      | Learned a level 2 spell: Wereblood
  1029 | D:1      | Slain by a jackal

Illustrated notes

Levels and vault maps discovered:
D:1:      dpeg_arrival_pits, layout_basic, dilly_ecumenical_altar_fadedgnrine

Action                   || total
-------------------------++-------
Melee: Unarmed           ||    27
       Bite              ||     3
       Punch             ||     1
Armor: Skin              ||     6
Dodge: Dodged            ||    30

Table legend: (Time is in decaauts)
 A = Elapsed time spent in this place.
 B = Non-inter-level travel time spent in this place.
 C = Inter-level travel time spent in this place.
 D = Time resting spent in this place.
 E = Time spent auto-exploring this place.
 F = Levels seen in this place.
 G = Mean time per level.
                   A        B        C        D        E       F      G
               +--------+--------+--------+--------+--------+-----+--------+
         Total |    942 |    942 |      0 |    565 |     44 |   1 |  942.0 |
       Dungeon |    942 |    942 |      0 |    565 |     44 |   1 |  942.0 |
               +--------+--------+--------+--------+--------+-----+--------+

Top non-repeatable levels by time:
     D:1: 942 daAuts
